 Dungeon Crawl Stone Soup version 0.29.1-12-g30fa7ad0bf (webtiles) character file.

Game seed: 1061541067138281729

310 wormed the Chopper (level 6, -6/45 (55) HPs)
             Began as a Hill Orc Fighter on Dec 20, 2022.
             Killed by divine providence
             ... invoked by an orc priest
              (14 damage)
             ... on level 4 of the Dungeon.
             The game lasted 00:05:16 (3070 turns).

wormed the Chopper (Hill Orc Fighter)               Turns: 3070, Time: 00:05:18

HP:   -6/45 (55)    AC: 10    Str: 21    XL:     6   Next: 41%
MP:   6/6           EV:  9    Int:  8    God:
Gold: 176           SH:  0    Dex: 10    Spells: 5/5 levels left

rFire   . . .      SeeInvis .   a - +0 war axe
rCold   . . .      Faith    .   c - +0 buckler
rNeg    . . .      Spirit   .   b - +0 scale mail
rPois   .          Reflect  .   f - +0 helmet
rElec   .          Harm     .   y - +0 cloak
rCorr   .          Rampage  .   B - +0 pair of gloves
Will    .....                   (no boots)
Stlth   ..........              (no amulet)
HPRegen 0.15/turn               (no ring)
MPRegen 0.10/turn               (no ring)

@: confused, flying, heavily drained
A: no striking features
a: Convert to Beogh


You were on level 4 of the Dungeon.
You visited 1 branch of the dungeon, and saw 4 of its levels.

You collected 176 gold pieces.

Inventory:

Hand Weapons
 a - a +0 war axe (weapon)
Armour
 b - a +0 scale mail (worn)
 c - a +0 buckler (worn)
 f - a +0 helmet (worn)
 y - a +0 cloak (worn)
 B - a +0 pair of gloves (worn)
Jewellery
 h - a ring of ice
 n - a +6 ring of intelligence
 r - a ring of protection from cold
 u - a ring of resist corrosion
 A - an amulet of faith
Scrolls
 e - 5 scrolls of identify {unknown}
 i - 3 scrolls of fear {unknown}
 j - a scroll of poison {unknown}
 k - 2 scrolls of immolation {unknown}
 l - 2 scrolls of amnesia {unknown}
 p - 3 scrolls of blinking {unknown}
 t - a scroll of noise {unknown}
 v - 4 scrolls of teleportation {unknown}
 w - a scroll of enchant weapon {unknown}
Potions
 d - 2 potions of might
 g - a potion of berserk rage {unknown}
 m - a potion of lignification {unknown}
 o - a potion of invisibility {unknown}
 q - a potion of resistance {unknown}
 s - 3 potions of flight
 x - a potion of curing {unknown}
 z - a potion of ambrosia {unknown}
 C - a potion of haste {unknown}


   Skills:
 + Level 4.9 Fighting
 * Level 5.8 Axes
 + Level 4.4 Armour
 + Level 4.5 Shields


You had 5 spell levels left.
You didn't know any spells.
Your spell library contained the following spells:

 Spells                   Type           Power      Damage    Failure   Level
 Apportation              Tloc           0%         N/A       83%         1
 Beastly Appendage        Tmut           0%         N/A       83%         1
 Wereblood                Tmut           0%         N/A       92%         2
 Spider Form              Tmut/Pois      0%         N/A       99%         3
 Alistair's Intoxication  Tmut/Pois      0%         N/A       100%        5
 Fireball                 Conj/Fire      0%         3d3       100%        5
 Starburst                Conj/Fire      0%         6d3       100%        6
 Ignition                 Fire           0%         3d3       100%        8


Dungeon Overview and Level Annotations

Branches:
Dungeon (4/15)             Temple (0/1) D:4

Altars:
Ru


Message History

The orc wizard gestures at you while chanting.
You are more confused.
The orc hits you with a +1 dagger of draining.
You feel drained.
The howler monkey hoots and howls with incredible vigour!
You hear a shout! x6
You're too confused to move!
The orc priest shouts, "Join the one true god or die!"
The orc wizard hits you with a +1 dagger of draining.
You feel drained. The orc barely misses you.
You bump into the rock wall.
The orc wizard hits you with a +1 dagger of draining.
You feel drained.
You slash the orc wizard!
You kill the orc wizard!
The orc priest calls down the wrath of Beogh upon you.
Beogh smites you!
* * * LOW HITPOINT WARNING * * *
The orc hits you but does no damage.
You feel drained.
You bump into the rock wall.
The howler monkey hoots and howls with incredible vigour!
The orc hits you but does no damage.
You feel drained.
The orc priest shouts, "Join the one true god or die!"
You hear a shout! x2
It was a potion of flight.
You feel very buoyant.
You fly up into the air.
The orc closely misses you.
Okay, then.
You bump into the rock wall.
The orc barely misses you.
You bump into the rock wall.
The howler monkey hoots and howls with incredible vigour!
The orc hits you but does no damage.
You feel drained.
You hear a shout!
You bump into the rock wall.
The orc hits you with a +1 dagger of draining.
* * * LOW HITPOINT WARNING * * *
You feel drained.
The orc priest mumbles some strange prayers to Beogh against you.
Beogh smites you!
You die...

..# .......
.......#. #.#
..... ...####...
#.# )... .... ##.#
# #.# ### #.=#..#
#.# . #.# ...
#.....# #.. # #.#
#.###)..#.# #.# #
#.# #..oh)#.#.#
#.# ###.#
###o###.#.#
#####.#
....############@#
#.#.# #.....#
####.............#
#.#.# #.###.# #
#.#############
#.#.# ##.###.# #
#.# #.#.###....#.#
# #.#
#..#.#....#... #
#.# #.###......###
#.# ##.#.###.#.#
#.# ##.## #.#.#
#.# #.# #.#.#


You could see a howler monkey, an orc priest and an orc.

Vanquished Creatures
  A necrophage (D:4)
  2 hounds (D:4)
  Crazy Yiuf (D:2)
  An iguana (D:4)
  An orc wizard (D:4)
  Robin (D:4)
  2 adders
  A worm (D:2)
  A dart slug (D:3)
  4 orcs
  4 ball pythons
  11 bats
  3 endoplasms
  3 giant cockroaches
  15 goblins
  4 hobgoblins
  3 frilled lizards
  10 kobolds
  2 rats
70 creatures vanquished.

Vanquished Creatures (others)
  7 plants (D:4)
7 creatures vanquished.

Grand Total: 77 creatures vanquished

Notes
Turn   | Place    | Note
-------+----------+-------------------------------------------
     0 | D:1      | wormed the Hill Orc Fighter began the quest for the Orb.
     0 | D:1      | Reached XP level 1. HP: 19/19 MP: 1/1
   106 | D:1      | Reached skill level 3 in Axes
   118 | D:1      | Reached XP level 2. HP: 27/27 MP: 2/2
   334 | D:1      | Found a faded altar of an unknown god.
  1063 | D:2      | Reached XP level 3. HP: 31/33 MP: 3/3
  1353 | D:2      | Found a runed translucent door.
  1354 | D:2      | Noticed Crazy Yiuf
  1637 | D:2      | Killed Crazy Yiuf
  1638 | D:2      | Reached skill level 4 in Axes
  1638 | D:2      | Reached XP level 4. HP: 40/40 MP: 4/4
  2478 | D:4      | Noticed a necrophage
  2486 | D:4      | Killed a necrophage
  2487 | D:4      | Reached skill level 5 in Axes
  2487 | D:4      | Reached XP level 5. HP: 41/47 MP: 5/5
  2615 | D:4      | Found a sacrificial altar of Ru.
  2758 | D:4      | Noticed Robin
  2793 | D:4      | Killed Robin
  2794 | D:4      | Reached XP level 6. HP: 32/53 MP: 6/6
  2963 | D:4      | Found a staircase to the Ecumenical Temple.
  3070 | D:4      | Killed from afar by an orc priest

Illustrated notes

Levels and vault maps discovered:
D:1:      psy_arrival_dodecagon, layout_basic, shapermc_ecumenical_altar_venn,
          st_stairs_13, minmay_misc_feat_tiny
D:2:      layout_loops_cross, fountainhead, uniq_crazy_yiuf_cottage
D:3:      layout_loops_cross, hangedman_decor_slide_cut, roderic_batcave,
          hangedman_decor_points
D:4:      layout_loops_ring, nicolae_ru_awakened_eye,
          minmay_temple_entry_gardened_gates, uniq_robin, uniq_pikel

Skill      XL: |  1  2  3  4 |
---------------+-------------+-----
Axes           | 3 4 5 |  5.8
Fighting       | 4 |  4.9
Armour         | 4 |  4.4
Shields        | 4 |  4.5

Action                   |  1- 3 |  4- 6 || total
-------------------------+-------+-------++-------
Melee: War axe           |    70 |   117 ||   187
  Use: Potion            |       |     1 ||     1
Armor: Scale mail        |    37 |   105 ||   142
Dodge: Dodged            |    37 |    60 ||    97
Block: Buckler           |    14 |    23 ||    37
